PBL
NIAGARA FALLS PHANTOMS @ YORK REVOLUTION
08/14/2047
 
TOP OF THE 1ST
Niagara Falls Phantoms batting - Pitching for York Revolution : LHP Jonathan Monroy
Pitching: LHP Jonathan Monroy
Batting: RHB Paul Ngumi 0-0: Foul Ball, location: 2F
0-1: Foul Ball, location: 2F
0-2: Strikes out swinging
Batting: RHB Tchaa Kombate 0-0: Foul Ball, location: 2F
0-1: Ground out 6-3 (Groundball, 6, EV 81.2 MPH)
Batting: LHB Danny de Leon 0-0: Fly out, F9 (Line Drive, 9, EV 108.8 MPH)
Top of the 1st over - 0 runs, 0 hits, 0 errors, 0 left on base; Niagara Falls 0 - York 0
BOTTOM OF THE 1ST
York Revolution batting - Pitching for Niagara Falls Phantoms : RHP Lucas Uil
Pitching: RHP Lucas Uil
Batting: RHB Tony Perez 0-0: Called Strike
0-1: SINGLE (Groundball, 56D, EV 105.0 MPH) (infield hit)
Batting: RHB Juan Valadez 0-0: Ball
Tony Perez steals 2nd base
1-0: Ball
Tony Perez steals 3rd base
2-0: Called Strike
2-1: DOUBLE (Line Drive, 89M, EV 108.1 MPH)
Tony Perez scores
Batting: RHB Chris Myers 0-0: Ball
1-0: Called Strike
1-1: Ball
2-1: Called Strike
2-2: Ball
3-2: Ground out 5-3 (Groundball, 5, EV 78.8 MPH)
Batting: RHB Trent Hedrick 0-0: Ball
1-0: Ground out 6-3 (Groundball, 6, EV 105.6 MPH)
Batting: RHB Simon Mergeni 0-0: Foul Ball, location: 2F
0-1: Called Strike
0-2: Ball
1-2: Ball
2-2: Foul Ball, location: 2F
2-2: Strikes out swinging
Bottom of the 1st over - 1 run, 2 hits, 0 errors, 1 left on base; Niagara Falls 0 - York 1
TOP OF THE 2ND
Niagara Falls Phantoms batting - Pitching for York Revolution : LHP Jonathan Monroy
Batting: RHB Ken Stair 0-0: Called Strike
0-1: Swinging Strike
0-2: Foul Ball, location: 2F
0-2: Ball
1-2: Strikes out swinging
Batting: SHB Dylan Best 0-0: Called Strike
0-1: Called Strike
0-2: Ball
1-2: Ball
2-2: Strikes out swinging
Batting: RHB Jose Villanueva 0-0: Ball
1-0: Swinging Strike
1-1: Ball
2-1: Foul Ball, location: 2F
2-2: Strikes out swinging
Top of the 2nd over - 0 runs, 0 hits, 0 errors, 0 left on base; Niagara Falls 0 - York 1
BOTTOM OF THE 2ND
York Revolution batting - Pitching for Niagara Falls Phantoms : RHP Lucas Uil
Batting: SHB Steve DeRienzo 0-0: Called Strike
0-1: Ball
1-1: Ball
2-1: TRIPLE (Line Drive, 89XD, EV 105.0 MPH)
Batting: RHB Eddie Serna 0-0: Swinging Strike
0-1: Ball
1-1: Foul Ball, location: 2F
1-2: Strikes out looking
Batting: RHB Joel Gomez 0-0: Foul Ball, location: 2F
0-1: Ball
1-1: Foul Ball, location: 2F
1-2: Ball
2-2: Foul Ball, location: 2F
2-2: Fly out, F8 (Flyball, 89M, EV 87.5 MPH)
Runner from 3rd tags up, SCORES, no throw by CF
Batting: RHB Ivan Barrientos 0-0: DOUBLE (Line Drive, 9LS, EV 110.6 MPH)
Batting: RHB Tony Perez 0-0: Foul Ball, location: 2F
0-1: Ball
1-1: Ball
2-1: Swinging Strike
2-2: Ball
3-2: Fly out, F7 (Flyball, 7LS, EV 98.8 MPH)
Bottom of the 2nd over - 1 run, 2 hits, 0 errors, 1 left on base; Niagara Falls 0 - York 2
TOP OF THE 3RD
Niagara Falls Phantoms batting - Pitching for York Revolution : LHP Jonathan Monroy
Batting: RHB Arturo Gomez 0-0: Fly out, F8 (Flyball, 8LM, EV 87.5 MPH)
Batting: LHB Dave Ortiz 0-0: Swinging Strike
0-1: Ball
1-1: Foul Ball, location: 2F
1-2: Foul Ball, location: 2F
1-2: SINGLE (Groundball, 4MD, EV 104.4 MPH)
Batting: SHB Hui Li 0-0: Foul Ball, location: 2F
0-1: Ball
1-1: Called Strike
1-2: Foul Ball, location: 2F
1-2: Ball
2-2: Ball
3-2: Base on Balls
Dave Ortiz to second
Batting: RHB Paul Ngumi 0-0: Ball
1-0: Ball
2-0: Foul Ball, location: 2F
2-1: Ball
3-1: Fly out, F7 (Flyball, 7, EV 81.9 MPH)
Batting: RHB Tchaa Kombate 0-0: Fly out, F8 (Flyball, 8RM, EV 90.6 MPH)
Top of the 3rd over - 0 runs, 1 hit, 0 errors, 2 left on base; Niagara Falls 0 - York 2
BOTTOM OF THE 3RD
York Revolution batting - Pitching for Niagara Falls Phantoms : RHP Lucas Uil
Batting: RHB Juan Valadez 0-0: Ground out 4-3 (Groundball, 4, EV 84.4 MPH)
Batting: RHB Chris Myers 0-0: Ball
1-0: Ball
2-0: Foul Ball, location: 2F
2-1: Foul Ball, location: 2F
2-2: SINGLE (Line Drive, 9S, EV 85.6 MPH)
Batting: RHB Trent Hedrick 0-0: Called Strike
0-1: Called Strike
Chris Myers steals 2nd base (no throw)
0-2: Ball
1-2: Ball
2-2: Fly out, F9 (Flyball, 9LS, EV 94.4 MPH)
Batting: RHB Simon Mergeni 0-0: Ball
1-0: SINGLE (Groundball, 4MD, EV 100.6 MPH)
Chris Myers to third
Runner from 3rd tries for Home, SAFE, throw by CF to home
Batting: SHB Steve DeRienzo 0-0: Ball
1-0: Ball
2-0: Ball
3-0: Called Strike
3-1: Called Strike
3-2: Fly out, F8 (Flyball, 8LXD, EV 98.8 MPH)
Bottom of the 3rd over - 1 run, 2 hits, 0 errors, 1 left on base; Niagara Falls 0 - York 3
TOP OF THE 4TH
Niagara Falls Phantoms batting - Pitching for York Revolution : LHP Jonathan Monroy
Batting: LHB Danny de Leon 0-0: Ball
1-0: Called Strike
1-1: Called Strike
1-2: Fly out, F7 (Flyball, 7LM, EV 95.6 MPH)
Batting: RHB Ken Stair 0-0: SINGLE (Line Drive, 8RS, EV 103.8 MPH)
Batting: SHB Dylan Best 0-0: Ball
1-0: Ball
2-0: Ball
Wild Pitch!
Ken Stair to second
3-0: Called Strike
3-1: Foul Ball, location: 2F
3-2: Foul Ball, location: 2F
3-2: Fly out, F4 (Popup, 3D, EV 58.8 MPH)
Batting: RHB Jose Villanueva 0-0: Called Strike
0-1: Swinging Strike
0-2: Ball
1-2: Strikes out swinging
Top of the 4th over - 0 runs, 1 hit, 0 errors, 1 left on base; Niagara Falls 0 - York 3
BOTTOM OF THE 4TH
York Revolution batting - Pitching for Niagara Falls Phantoms : RHP Lucas Uil
Batting: RHB Eddie Serna 0-0: Called Strike
0-1: Ball
1-1: Called Strike
1-2: Reached via error on a dropped throw from SS, E3 (Groundball, 6S, EV 69.4 MPH)
Batting: RHB Joel Gomez 0-0: Ball
1-0: Called Strike
1-1: Called Strike
1-2: Ball
2-2: Strikes out swinging
Batting: RHB Ivan Barrientos 0-0: Ball
1-0: Swinging Strike
1-1: Reached on error, E4 (Groundball, 4, EV 90.0 MPH)
Eddie Serna to second
Batting: RHB Tony Perez 0-0: Ball
1-0: Ball
2-0: Ball
3-0: Called Strike
3-1: Base on Balls
Eddie Serna to third
Ivan Barrientos to second
Batting: RHB Juan Valadez 0-0: Ball
1-0: Ball
2-0: Ball
3-0: Base on Balls
Eddie Serna scores
Ivan Barrientos to third
Tony Perez to second
Batting: RHB Chris Myers 0-0: Foul Ball, location: 2F
0-1: DOUBLE (Flyball, 78D, EV 102.5 MPH)
Ivan Barrientos scores
Tony Perez scores
Juan Valadez to third
Batting: RHB Trent Hedrick 0-0: Called Strike
0-1: Called Strike
0-2: Ball
1-2: Foul Ball, location: 2F
1-2: Foul Ball, location: 2F
1-2: Foul Ball, location: 2F
1-2: Foul Ball, location: 2F
1-2: Fly out, F8 (Flyball, 8RM, EV 81.9 MPH)
Batting: RHB Simon Mergeni 0-0: Called Strike
0-1: Ball
1-1: Foul Ball, location: 2F
1-2: Ball
2-2: Fly out, F7 (Flyball, 7, EV 86.9 MPH)
Bottom of the 4th over - 3 runs, 1 hit, 2 errors, 2 left on base; Niagara Falls 0 - York 6
TOP OF THE 5TH
Niagara Falls Phantoms batting - Pitching for York Revolution : LHP Jonathan Monroy
Batting: RHB Arturo Gomez 0-0: Ball
1-0: Fly out, F7 (Flyball, 78D, EV 86.9 MPH)
Batting: LHB Dave Ortiz 0-0: Ball
1-0: Foul Ball, location: 2F
1-1: Swinging Strike
1-2: Ball
2-2: Strikes out swinging
Batting: SHB Hui Li 0-0: Called Strike
0-1: Ball
1-1: Foul Ball, location: 2F
1-2: Strikes out looking
Top of the 5th over - 0 runs, 0 hits, 0 errors, 0 left on base; Niagara Falls 0 - York 6
BOTTOM OF THE 5TH
York Revolution batting - Pitching for Niagara Falls Phantoms : RHP Lucas Uil
Batting: SHB Steve DeRienzo 0-0: Foul Ball, location: 2F
0-1: Ball
1-1: Ball
2-1: Ball
3-1: Foul Ball, location: 2F
3-2: Fly out, F7 (Flyball, 7D, EV 91.2 MPH)
Batting: RHB Eddie Serna 0-0: Called Strike
0-1: Ball
1-1: Ball
2-1: SINGLE (Groundball, 6D, EV 108.8 MPH)
Pitching: RHP Javy Gonzalez
Batting: RHB Joel Gomez 0-0: Fly out, F9 (Flyball, 9D, EV 98.8 MPH)
Batting: RHB Ivan Barrientos 0-0: Ball
1-0: Ball
2-0: Called Strike
2-1: Foul Ball, location: 2F
2-2: Ball
Eddie Serna steals 2nd base
3-2: Foul Ball, location: 2F
3-2: Foul Ball, location: 2F
3-2: Foul Ball, location: 2F
3-2: Fly out, F9 (Flyball, 89M, EV 93.1 MPH)
Bottom of the 5th over - 0 runs, 1 hit, 0 errors, 1 left on base; Niagara Falls 0 - York 6
TOP OF THE 6TH
Niagara Falls Phantoms batting - Pitching for York Revolution : LHP Jonathan Monroy
Batting: RHB Paul Ngumi 0-0: Ball
1-0: Foul Ball, location: 2F
1-1: Ball
2-1: Called Strike
2-2: Strikes out swinging
Batting: RHB Tchaa Kombate 0-0: Called Strike
0-1: Ball
1-1: Swinging Strike
1-2: Strikes out looking
Batting: LHB Danny de Leon 0-0: Ball
1-0: Ball
2-0: Called Strike
2-1: Swinging Strike
2-2: Strikes out swinging
Top of the 6th over - 0 runs, 0 hits, 0 errors, 0 left on base; Niagara Falls 0 - York 6
BOTTOM OF THE 6TH
York Revolution batting - Pitching for Niagara Falls Phantoms : RHP Javy Gonzalez
Batting: RHB Tony Perez 0-0: Ball
1-0: Foul Ball, location: 2F
1-1: Foul Ball, location: 2F
1-2: Ball
2-2: Ground out U3 (Groundball, 3, EV 81.9 MPH)
Batting: RHB Juan Valadez 0-0: Called Strike
0-1: Ball
1-1: Ball
2-1: Foul Ball, location: 2F
2-2: SINGLE (Groundball, 6MD, EV 108.1 MPH)
Pitching: RHP Frank Medrano
Batting: RHB Chris Myers 0-0: Ball
1-0: Ball
2-0: Ball
3-0: Called Strike
3-1: Base on Balls
Juan Valadez to second
Batting: RHB Trent Hedrick 0-0: Swinging Strike
0-1: Ball
1-1: SINGLE (Line Drive, 7S, EV 90.0 MPH)
Juan Valadez to third
Chris Myers to second
Batting: RHB Simon Mergeni 0-0: Ball
Wild Pitch!
Juan Valadez scores
Chris Myers to third
Trent Hedrick to second
1-0: Called Strike
1-1: Foul Ball, location: 2F
1-2: Ball
2-2: Ball
3-2: Foul Ball, location: 2F
3-2: Fly out, F8 (Line Drive, 8LM, EV 96.9 MPH)
Runner from 3rd tags up, SCORES, no throw by CF
Batting: SHB Steve DeRienzo 0-0: Ball
1-0: Called Strike
1-1: Foul Ball, location: 2F
1-2: Ball
2-2: Strikes out swinging
Bottom of the 6th over - 2 runs, 2 hits, 0 errors, 1 left on base; Niagara Falls 0 - York 8
TOP OF THE 7TH
Niagara Falls Phantoms batting - Pitching for York Revolution : LHP Jonathan Monroy
Pitching: RHP Tony Machado
Batting: RHB Ken Stair 0-0: Called Strike
0-1: Swinging Strike
0-2: Foul Ball, location: 2F
0-2: Strikes out swinging
Batting: SHB Dylan Best 0-0: Called Strike
0-1: Fly out, F8 (Line Drive, 8LM, EV 100.6 MPH)
Batting: RHB Jose Villanueva 0-0: Swinging Strike
0-1: Ball
1-1: Foul Ball, location: 2F
1-2: Strikes out swinging
Top of the 7th over - 0 runs, 0 hits, 0 errors, 0 left on base; Niagara Falls 0 - York 8
BOTTOM OF THE 7TH
York Revolution batting - Pitching for Niagara Falls Phantoms : RHP Frank Medrano
Batting: RHB Eddie Serna 0-0: Called Strike
0-1: Called Strike
0-2: Ball
1-2: Strikes out swinging
Pinch Hitting: LHB Victor Estrada 0-0: Ground out 4-3 (Groundball, 4, EV 86.2 MPH)
Batting: RHB Ivan Barrientos 0-0: Ball
1-0: Called Strike
1-1: Ball
2-1: Ball
3-1: Foul Ball, location: 2F
3-2: Foul Ball, location: 2F
3-2: Base on Balls
Pitching: RHP Francisco Rosado
Batting: RHB Tony Perez 0-0: Ball
1-0: Ball
2-0: Ball
3-0: Base on Balls
Ivan Barrientos to second
Batting: RHB Juan Valadez 0-0: Ball
1-0: Foul Ball, location: 2F
1-1: Ground out U3 (Groundball, 3L, EV 90.0 MPH)
Bottom of the 7th over - 0 runs, 0 hits, 0 errors, 2 left on base; Niagara Falls 0 - York 8
TOP OF THE 8TH
Niagara Falls Phantoms batting - Pitching for York Revolution : RHP Tony Machado
Now at 1B: Alexis Graciani
Pinch Hitting: LHB Chris Viehman 0-0: Foul Ball, location: 2F
0-1: Swinging Strike
0-2: Ball
1-2: SINGLE (Line Drive, 56D, EV 106.2 MPH)
Batting: LHB Dave Ortiz 0-0: Called Strike
0-1: Foul Ball, location: 2F
0-2: Strikes out swinging
Batting: SHB Hui Li 0-0: Ball
1-0: Called Strike
1-1: Foul Ball, location: 2F
1-2: Ball
2-2: Strikes out swinging
Batting: RHB Paul Ngumi 0-0: Ball
1-0: Swinging Strike
1-1: Swinging Strike
1-2: Ball
2-2: Strikes out swinging
Top of the 8th over - 0 runs, 1 hit, 0 errors, 1 left on base; Niagara Falls 0 - York 8
BOTTOM OF THE 8TH
York Revolution batting - Pitching for Niagara Falls Phantoms : RHP Francisco Rosado
Now at 1B: Chris Viehman
Batting: RHB Chris Myers 0-0: Called Strike
0-1: Hit by Pitch
Batting: RHB Trent Hedrick 0-0: Reached on error, E6 (Groundball, 6, EV 111.2 MPH)
Chris Myers to second
Batting: RHB Simon Mergeni 0-0: SINGLE (Groundball, 6MD, EV 98.8 MPH)
Chris Myers to third
Trent Hedrick to second
Batting: SHB Steve DeRienzo 0-0: Ball
1-0: Grounds into fielders choice 1-2 (Groundball, 15S, EV 75.6 MPH)
Trent Hedrick to third
Simon Mergeni to second
Batting: RHB Eddie Serna 0-0: Fly out, F7 (Flyball, 78D, EV 90.0 MPH)
Runner from 3rd tags up, SCORES, no throw by LF
Batting: RHB Alexis Graciani 0-0: Foul Ball, location: 2F
0-1: Called Strike
0-2: Ball
1-2: Strikes out swinging
Bottom of the 8th over - 1 run, 1 hit, 1 error, 2 left on base; Niagara Falls 0 - York 9
TOP OF THE 9TH
Niagara Falls Phantoms batting - Pitching for York Revolution : RHP Tony Machado
Batting: LHB Luis Ponce 0-0: Called Strike
0-1: Foul Ball, location: 2F
0-2: Strikes out swinging
Batting: LHB Danny de Leon 0-0: Foul Ball, location: 2F
0-1: Ball
1-1: Ball
2-1: Ball
3-1: Base on Balls
Batting: RHB Ken Stair 0-0: Ball
1-0: Ball
2-0: Called Strike
2-1: Ball
3-1: Foul Ball, location: 2F
3-2: Foul Ball, location: 2F
3-2: Strikes out swinging
Batting: SHB Dylan Best 0-0: Swinging Strike
0-1: Swinging Strike
0-2: Strikes out swinging
Top of the 9th over - 0 runs, 0 hits, 0 errors, 1 left on base; Niagara Falls 0 - York 9
Thursday, December 15th , 2022 - OOTP Baseball 23.9 Build 102